 Dungeon Crawl Stone Soup version 0.20-a0-923-g548304e (webtiles) character file.

74811 FastMan the Severer (level 15, -13/141 HPs)
             Began as a Minotaur Berserker on Mar 26, 2017.
             Was a High Priest of Trog.
             Mangled by a naga warrior
             ... wielding a +0 trident
              (19 damage)
             ... on level 4 of the Snake Pit.
             The game lasted 00:20:23 (22487 turns).

FastMan the Severer (Minotaur Berserker)           Turns: 22487, Time: 00:20:23

Health: -13/141    AC: 23    Str: 22    XL:     15   Next: 7%
Magic:  14/14      EV: 11    Int:  4    God:    Trog [*****.]
Gold:   566        SH:  0    Dex: 16    Spells: 14/14 levels left

rFire    + . .     SeeInvis +   o - +0 battleaxe
rCold    . . .     Gourm    .   (shield currently unavailable)
rNeg     . . .     Faith    .   r - +6 chain mail {rF+}
rPois    +         Spirit   .   (helmet restricted)
rElec    .         Reflect  .   g - +0 cloak
rCorr    .         Harm     .   l - +1 pair of gloves
MR       +....                  (no boots)
Stlth    ..........             (no amulet)
Regen    0.4/turn               b - ring of poison resistance
MPRegen  0.2/turn               j - ring of see invisible

@: lethally poisoned (-13 -> -38), slowed, constricted, very slow
A: retaliatory headbutt, horns 2
a: Berserk, Trog's Hand, Brothers in Arms, Burn Spellbooks, Renounce Religion


You were on level 4 of the Snake Pit.
You worshipped Trog.
Trog was extremely pleased with you.
You were full.

You visited 4 branches of the dungeon, and saw 22 of its levels.

You collected 830 gold pieces.
You spent 264 gold pieces at shops.

Inventory:

Hand Weapons
 o - a +0 battleaxe (weapon)
 z - a +0 executioner's axe of chopping
Armour
 g - a +0 cloak (worn)
 l - a +1 pair of gloves (worn)
 r - a +6 chain mail of fire resistance (worn)
Jewellery
 b - a ring of poison resistance (left hand)
 j - a ring of see invisible (right hand)
 G - an uncursed ring of flight
Scrolls
 d - 2 scrolls of magic mapping
 m - 5 scrolls of teleportation {@r3}
 q - 3 scrolls of fog
 v - 5 scrolls of remove curse {@r2}
 F - 5 scrolls of identify {@r1}
Potions
 e - 2 potions of agility {@q5}
 f - 3 potions of might {@q4}
 h - 5 potions of brilliance {@q6}
 k - a potion of curing {@q1}
 n - 3 potions of ambrosia
 s - a potion of invisibility
 t - a potion of cancellation
 u - 4 potions of heal wounds {@q2}
 w - 4 potions of magic
 B - a potion of resistance
 D - 3 potions of haste {@q3}
 E - a potion of flight
Comestibles
 c - 4 bread rations {@e1}
 i - 11 royal jellies {@e3}
 p - 7 fruits {@e4}


   Skills:
 + Level 15.3 Fighting
 * Level 20.6 Axes
 + Level 14.1 Armour
 + Level 9.4 Dodging


You had 14 spell levels left.
You didn't know any spells.

Dungeon Overview and Level Annotations

Branches:
Dungeon (12/15)              Lair (5/6) D:8          Shoals (0/4) Lair:4
  Snake (4/4) Lair:2          Orc (1/2) D:11
 Temple: D:4-7        Slime: Lair:5-6

Altars:
Elyvilon
Gozag
Kikubaaqudgha
Nemelex Xobeh
The Shining One

Shops:
D:10 !

Annotations:
D:7 exclusion: ice statue
D:12 Harold, Sonja
Lair:1 exclusion: oklob plant
Snake:3 Vashnia
Snake:4 exclusion: upstairs


Innate Abilities, Weirdness & Mutations

You reflexively headbutt those who attack you in melee.
You have a pair of horns on your head.


Message History

As you read the scroll of teleportation {@r3}, it crumbles to dust.
You feel strangely stable.
You feel sick.
The nagaraja gestures at you while chanting.
The poison arrow hits you!
You are more poisoned.
You partially resist.
* * * LOW HITPOINT WARNING * * *
Cornered, the naga turns to fight!
The naga spits poison at you. The splash of poison hits you!
You are more poisoned.
You resist.
The naga warrior hits you but does no damage.
* * * LOW HITPOINT WARNING * * *
The naga warrior constricts you.
The naga warrior hits you but does no damage.
The naga mage gestures at you while chanting.
You easily resist.
The naga warrior hits you from afar with a trident!!
You die...

**,,**,,,,,,,,,,,,,,,***,,,,*
**,,,*,,,,,*******,,,,,**,,,,*
**,,,**,,,***,,,,,**,,,,,*,,,,*
**,,,,*,,,**,,,,,,,,**.........#
*,,,,**,,,*,,,,,,,,,,*#........#
,,,,,*,,,**,,,,***,,,,*#.......#
,,,,**,,,*,,,,#####,,,,*#......#
,,,,,*,,,*,,,##NNN##,,,**#.....##
,,,,,*,,,*,,,#.N@NN#*,,,**#.....#
,,,,,*,,,*,,,#N.....#,,,* #.)....
<,,,,*,,,**.....N..N#,,,* #.))...
,,,,,**,,,#.SN.....##,,,* #..(...
*,,,,,*,,,##.N..NSN#,,,,* #..[)[.
*,,,..**,,,##....###,,,** #..)(#.
**,,...*,,,,######,,,,,*###..(.##
**,...#*,,,,,,,,,,,,,###.#....#*
**....#*,,,,,,,,,,,##...#....#


You could see 4 naga warriors, 2 nagarajas, 2 guardian serpents, a naga mage
(fleeing) and 6 nagas.

Vanquished Creatures
  3 nagarajas
  A stone giant (D:11)
  2 green deaths (Snake:2)
  5 hydras
  7 naga warriors
  8 anacondas
  A shock serpent (Snake:4)
  8 naga sharpshooters
  A wizard (D:11)
  8 naga ritualists
  A lindwurm (Lair:3)
  7 mana vipers
  An ugly thing (D:12)
  3 salamanders
  A cyclops (D:12)
  A manticore (Lair:4)
  The ghost of weedlayer the Destroyer, a novice DrCj (D:6)
  A guardian serpent (Snake:2)
  13 naga magi
  20 black mambas
  A torpor snail (Lair:4)
  3 elephants (Lair:3)
  4 spiny frogs
  A rime drake (Lair:4)
  3 komodo dragons
  A troll (D:9)
  3 polar bears
  A hornet (D:10)
  8 hippogriffs
  5 slime creatures (D:12)
  3 blink frogs (Lair:1)
  4 dream sheep (Lair:4)
  2 spriggans
  Sigmund (D:4)
  2 wyverns
  37 yaks
  The ghost of Photonic the Sneak, an amateur VSEn (D:4)
  A basilisk (Lair:1)
  A wraith (D:10)
  Grum (Lair:1)
  3 steam dragons
  A hungry ghost (D:9)
  An acid dragon (D:12)
  2 wargs (D:8)
  34 nagas
  Edmund (D:4)
  9 porcupines
  6 water moccasins
  4 orc warriors
  5 ice beasts
  A sky beast (D:4)
  A black bear (Lair:4)
  6 ogres
  A necrophage (D:7)
  4 centaurs
  8 wolves
  11 crocodiles
  A big kobold (D:8)
  9 bullfrogs
  2 wyvern zombies
  A gnoll sergeant (D:12)
  2 scorpions
  22 killer bees (D:9)
  9 wights
  A howler monkey (D:9)
  2 electric eels
  3 crimson imps
  A bullfrog zombie (D:11)
  3 jellies
  2 centaur zombies
  2 centaur skeletons
  4 hounds
  4 orc priests
  Crazy Yiuf (D:5)
  A bullfrog skeleton (D:4)
  2 iguanas
  Ijyb (D:3)
  9 orc wizards
  6 worker ants
  5 hell rats (Lair:4)
  A hound zombie (D:6)
  A worker ant zombie (D:7)
  5 adders
  3 gnolls (D:12)
  A shadow imp (D:10)
  An adder zombie (D:7)
  2 adder skeletons
  A worm (D:4)
  A dart slug (D:4)
  3 leopard geckos
  26 orcs
  2 bats
  A giant cockroach (D:5)
  5 goblins
  A hobgoblin (D:1)
  7 jackals (D:6)
  5 quokkas
  3 ball pythons
  2 frilled lizards
  7 kobolds
  2 leopard gecko skeletons
  A quokka zombie (D:9)
  4 rats
  A fungus (D:5)
453 creatures vanquished.

Vanquished Creatures (collateral kills)
  An anaconda (Snake:1)
  A naga warrior (Snake:4)
  A queen bee (D:9)
  A naga (Snake:4)
  4 killer bees (D:9)
8 creatures vanquished.

Vanquished Creatures (others)
  The ghost of Econoterrorist the Destroyer, a novice DECj of Vehumet (D:8)
  An adder (D:8)
  A quokka (D:9)
  3 fungi
  2 plants
8 creatures vanquished.

Grand Total: 469 creatures vanquished

Notes
Turn   | Place    | Note
-------+----------+-------------------------------------------
     0 | D:1      | FastMan the Minotaur Berserker began the quest for the Orb.
     0 | D:1      | Reached XP level 1. HP: 19/19 MP: 0/0
    92 | D:1      | Reached XP level 2. HP: 27/27 MP: 1/1
   147 | D:1      | Reached skill level 4 in Axes
   337 | D:3      | Noticed Ijyb
   353 | D:3      | Killed Ijyb
   353 | D:3      | Reached XP level 3. HP: 34/34 MP: 2/2
   523 | D:3      | Reached ** piety under Trog
   533 | D:4      | Noticed Edmund
   547 | D:4      | Killed Edmund
   547 | D:4      | Reached skill level 5 in Fighting
   547 | D:4      | Reached skill level 6 in Axes
   547 | D:4      | Reached XP level 4. HP: 20/42 MP: 3/3
   547 | D:4      | Reached XP level 5. HP: 23/48 MP: 4/4
   805 | D:4      | Noticed Photonic's ghost (amateur VSEn)
   831 | D:4      | Killed Photonic's ghost
   831 | D:4      | Reached skill level 7 in Axes
   831 | D:4      | Reached XP level 6. HP: 57/57 MP: 5/5
   983 | D:4      | Noticed a sky beast
   993 | D:4      | Killed a sky beast
  1012 | D:4      | Found an opulent altar of Gozag.
  1187 | D:4      | Noticed Sigmund
  1193 | D:4      | Killed Sigmund
  1193 | D:4      | Reached skill level 8 in Axes
  1193 | D:4      | Reached XP level 7. HP: 64/64 MP: 6/6
  1406 | D:5      | Entered Level 5 of the Dungeon
  1636 | D:5      | Reached skill level 9 in Axes
  1710 | D:5      | Found a glowing golden altar of the Shining One.
  1789 | D:5      | Noticed a steam dragon
  1790 | D:5      | Noticed a steam dragon
  1799 | D:5      | Killed a steam dragon
  1804 | D:5      | Killed a steam dragon
  1804 | D:5      | Reached XP level 8. HP: 68/73 MP: 7/7
  2124 | D:5      | Reached skill level 10 in Axes
  2400 | D:5      | Found a runed door.
  2404 | D:5      | Noticed Crazy Yiuf
  2419 | D:5      | Killed Crazy Yiuf
  2788 | D:6      | Noticed weedlayer's ghost (novice DrCj)
  2801 | D:6      | Killed weedlayer's ghost
  2801 | D:6      | Reached skill level 11 in Axes
  3281 | D:6      | Reached XP level 9. HP: 56/82 MP: 8/8
  3506 | D:6      | Found an opulent altar of Gozag.
  3551 | D:6      | Reached *** piety under Trog
  3741 | D:6      | Found an ancient bone altar of Kikubaaqudgha.
  3786 | D:7      | Reached skill level 5 in Armour
  3925 | D:7      | Reached skill level 12 in Axes
  4200 | D:7      | Noticed an ice statue
  4686 | D:8      | Killed Econoterrorist's ghost
  4750 | D:8      | Found a sparkling altar of Nemelex Xobeh.
  4920 | D:8      | Found a staircase to the Lair.
  4929 | D:8      | Reached skill level 13 in Axes
  4929 | D:8      | Reached XP level 10. HP: 87/92 MP: 9/9
  4932 | D:8      | Reached **** piety under Trog
  5871 | D:9      | Reached skill level 10 in Fighting
  5959 | D:9      | Found a white marble altar of Elyvilon.
  6370 | D:9      | HP: 3/141 [killer bee (6)]
  6374 | D:9      | HP: 1/94 [poisoned by a killer bee]
  6477 | D:9      | Reached skill level 14 in Axes
  7327 | D:10     | Entered Level 10 of the Dungeon
  7389 | D:10     | Reached XP level 11. HP: 74/102 MP: 10/10
  7501 | D:10     | Reached ***** piety under Trog
  7510 | D:10     | Reached skill level 15 in Axes
  7688 | D:10     | Paralysed by a hornet for 2 turns
  8034 | D:10     | Found Yhewniv's Distillery.
  8037 | D:10     | Bought a potion of haste for 110 gold pieces
  8037 | D:10     | Bought a potion of resistance for 110 gold pieces
  8037 | D:10     | Bought a potion of might for 44 gold pieces
  8302 | D:11     | Noticed a wizard
  8316 | D:11     | Killed a wizard
  8355 | D:11     | Found a staircase to the Orcish Mines.
  8551 | Orc:1    | Entered Level 1 of the Orcish Mines
  9318 | D:12     | Noticed a green ugly thing
  9328 | D:12     | Killed a green ugly thing
  9396 | D:12     | Received a gift from Trog
  9426 | D:12     | Reached skill level 16 in Axes
  9436 | D:12     | Got a dazzling cloak
  9447 | D:12     | Identified the cursed -5 cloak "Exufeluo" {Str+5} (You found it on level 12 of the Dungeon)
  9502 | D:12     | Noticed Harold
  9502 | D:12     | Noticed Sonja
  9518 | D:12     | HP: 1/104 [asphyx]
  9795 | D:11     | Noticed a stone giant
  9818 | D:11     | Killed a stone giant
  9818 | D:11     | Reached skill level 10 in Armour
 10286 | Lair:1   | Entered Level 1 of the Lair of Beasts
 10314 | Lair:1   | Noticed Grum
 10324 | Lair:1   | Killed Grum
 10667 | Lair:1   | Reached XP level 12. HP: 113/113 MP: 11/11
 11768 | Lair:2   | Reached skill level 17 in Axes
 12060 | Lair:2   | Noticed a six-headed hydra
 12070 | Lair:2   | Killed a 12-headed hydra
 12263 | Lair:2   | Found a staircase to the Snake Pit.
 12623 | Lair:2   | Noticed a seven-headed hydra
 12633 | Lair:2   | Killed a 12-headed hydra
 13295 | Lair:3   | Found a dark tunnel.
 13382 | Lair:3   | Reached skill level 5 in Dodging
 13436 | Lair:3   | Noticed a four-headed hydra
 13450 | Lair:3   | Killed a 12-headed hydra
 14045 | Lair:4   | Noticed a seven-headed hydra
 14075 | Lair:4   | Killed a nine-headed hydra
 14075 | Lair:4   | Reached skill level 18 in Axes
 14075 | Lair:4   | Reached XP level 13. HP: 82/122 MP: 12/12
 14456 | Lair:4   | Identified Gilevu Jian's Handbook of the Icy Compass
 14848 | Lair:4   | Found a staircase to the Shoals.
 15459 | Snake:1  | Entered Level 1 of the Snake Pit
 16418 | Snake:1  | Reached skill level 19 in Axes
 17721 | Snake:2  | Reached XP level 14. HP: 127/133 MP: 13/13
 18291 | Snake:2  | Noticed a nagaraja
 18313 | Snake:2  | Killed a nagaraja
 18640 | Snake:2  | Found a runed door.
 19184 | Snake:4  | Entered Level 4 of the Snake Pit
 19637 | Snake:3  | Reached skill level 20 in Axes
 19752 | Snake:4  | Received a gift from Trog
 19796 | Snake:4  | Reached skill level 15 in Fighting
 20222 | Snake:4  | Noticed a nagaraja
 20238 | Snake:4  | Killed a nagaraja
 20332 | Snake:4  | Noticed a nagaraja
 20346 | Snake:4  | Killed a nagaraja
 21106 | Snake:3  | Noticed Vashnia
 21755 | Snake:4  | Reached XP level 15. HP: 117/141 MP: 14/14
 22105 | Snake:4  | Noticed a nagaraja
 22482 | Snake:4  | Noticed a nagaraja
 22483 | Snake:4  | Noticed a nagaraja
 22487 | Snake:4  | HP: 6/141 [naga warrior/trident (6)]
 22487 | Snake:4  | Mangled by a naga warrior

Vault maps used:
D:1:      ncdulo_wetmaze, minmay_tromino_i4
D:2:      lemuel_round_altar, uniq_jessica
D:3:      kennysheep_slug_shrine, xom_teletrap_fun, uniq_iyjb
D:4:      old_standard_altar, minmay_temple_entry_fiery, uniq_sigmund,
          uniq_edmund, uniq_natasha
D:5:      kennysheep_steamy, lemuel_crystal_altar, first_bread,
          uniq_crazy_yiuf_cottage
D:6:      kiku_gazebo_garden_becter, grunt_gozag_statues
D:7:      lemuel_ice_statue, the_bakery
D:8:      erik_lair_orcish_takeover, nemelex_altar_shiori
D:9:      special_room, elyvilon_altar_4
D:10:     serial_shops, kennysheep_mini_moat
D:11:     kennysheep_six_static_rooms, st_stairs_12, kennysheep_path_1
D:12:     minmay_misc_feat_diagonals, kennysheep_potato, uniq_urug, uniq_harold,
          uniq_sonja
Lair:1:   minmay_lair_oklob_tunnel, uniq_grum
Lair:2:   guppyfry_snake_entry_island
Lair:3:   nicolae_volcano_entry_vermiform, grunt_megastairs_4
Lair:4:   minmay_shoals_entry_beasts, forest_entry_grove, serial_bayou_shore_a
Lair:5:   slime_dummy, serial_bayou_shore_b, grunt_megastairs_2,
          lemuel_fruit_fields, uniq_rupert
Snake:1:  basic_loot_grate_trap, grunt_megastairs_3
Snake:2:  cheibrodos_toxic_ritual, serial_shops, shop, basic_altar
Snake:3:  kennysheep_snake, uniq_vashnia
Snake:4:  grunt_snake_rune_spirals, portal_ice_cave_entry_pillars_three
Orc:1:    uniq_josephine

Skill      XL: |  1  2  3  4  5  6  7  8  9 10 11 12 13 14 |
---------------+-------------------------------------------+-----
Fighting       | 4 5 6 7 8 9 11 12 13 14 15 | 15.3
Axes           | 4 6 7 8 9 11 13 14 16 18 19 20 | 20.6
Armour         | 4 6 8 10 11 12 14 | 14.1
Dodging        | 5 7 9 |  9.4

Action                   |  1- 3 |  4- 6 |  7- 9 | 10-12 | 13-15 || total
-------------------------+-------+-------+-------+-------+-------++-------
Melee: Hand axe          |    52 |    26 |   196 |       |       ||   274
       Headbutt          |     9 |     7 |    72 |   151 |   145 ||   384
       Broad axe         |       |       |    73 |   662 |   141 ||   876
       Battleaxe         |       |       |       |       |   464 ||   464
Invok: Berserk           |     2 |     2 |     6 |    18 |    16 ||    44
       Burn Spellbooks   |     1 |       |       |       |     1 ||     2
       Trog's Hand       |       |     2 |       |     4 |     5 ||    11
       Brothers in Arms  |       |       |       |     4 |     2 ||     6
  Use: Scroll            |     4 |       |     5 |    19 |     8 ||    36
       Potion            |       |       |       |     8 |     1 ||     9
  Eat: Chunk             |       |     1 |    11 |    36 |    10 ||    58
       Meat ration       |       |     1 |     1 |     2 |     1 ||     5
       Bread ration      |       |       |       |     1 |     8 ||     9
       Fruit             |       |       |       |       |     1 ||     1
Armor: Animal skin       |     2 |       |       |       |       ||     2
       Scale mail        |    14 |       |       |       |       ||    14
       Ring mail         |     3 |       |       |       |       ||     3
       Chain mail        |       |     9 |   118 |   180 |   297 ||   604
       Steam dragon scal |       |       |     3 |       |       ||     3
       Plate armour      |       |       |       |   216 |       ||   216
       Skin              |       |       |       |    60 |       ||    60
Dodge: Dodged            |    38 |     5 |   105 |   277 |   297 ||   722
